AoeStats
← dusthillresident

Arabia

510204463Analyzed
1v1 RM · 2d ago on Sep 29, 2026· 48m 35s· 2 players
Game mode
Random Map
Map size
Tiny (2 player)
Population
200
Speed
Normal
Resources
Standard
Victory
Conquest
Starting age
Dark Age
Ending age
Imperial Age
RankedLock teamsTeams togetherTeam positionsShared explorationLock speedFull tech treeHidden civsTurbo modeCheats
Victory
Defeat
🇬🇧 Inca · United Kingdom
775
+18
🇦🇷 Chinese · Argentina
809
-18
dusthillresident
5:12 Loom
15:28 Feudal Age
18:12 Double-Bit Axe
18:54 Stone Mining
22:20 Fletching
26:25 Wheelbarrow
36:13 Castle Age
35:59 Horse Collar
36:17 Gold Mining
36:59 Bodkin Arrow
37:05 Scale Mail Armor
37:24 Hand Cart
38:09 Bow Saw
38:06 Guard Tower
38:42 Chain Mail Armor
39:13 Ballistics
40:45 Forging
42:23 Iron Casting
43:42 Andean Sling
46:42 Squires
Ger!!!
0:26 Loom
14:07 Feudal Age
14:57 Double-Bit Axe
16:16 Horse Collar
16:29 Man-at-Arms
18:51 Arson
19:23 Scale Mail Armor
20:45 Fletching
21:08 Forging
21:28 Fletching
23:31 Wheelbarrow
32:42 Bloodlines
39:46 Castle Age
39:34 Scale Barding Armor
42:06 Bow Saw
41:49 Gold Mining
42:18 Hand Cart
41:48 Town Watch
42:47 Masonry
43:47 Chain Barding Armor
Connection lost

Rejoining the realm…

Still unreachable

The connection could not be restored.

Session expired

The server has moved on; the page needs a fresh start.